 Dungeon Crawl Stone Soup version 0.17-a0-2093-gc772f4b (webtiles) character file.

87466 brucemayne the Executioner (level 15, -8/193 HPs)
             Began as a Hill Orc Berserker on Oct 16, 2015.
             Was a High Priest of Trog.
             Mangled by a salamander firebrand
             ... wielding a +5 great sword of flaming
              (17 damage)
             ... on level 3 of the Snake Pit.
             The game lasted 01:09:29 (9456 turns).

brucemayne the Executioner (Hill Orc Berserker)     Turns: 9456, Time: 01:09:29

Health: -8/193     AC: 24    Str: 30    XL:     15   Next: 46%
Magic:  15/15      EV: 13    Int: 12    God:    Trog [*****.]
Gold:   312        SH:  0    Dex: 17    Spells: 0 memorised, 14 levels left

rFire  . . .     SeeInvis +     X - +12 executioner's axe "Guitz" {speed, rElec rN++}
rCold  + . .     Clarity  .     p - +4 chain mail
rNeg   + + .     SustAt   .     (no shield)
rPois  .         Gourm    .     H - +2 hat {Int+3}
rElec  +         Spirit   .     j - +1 cloak
rCorr  .         Warding  .     U - +2 pair of gloves "Nacaxashal" {Str+2 Dex+5}
rMut   .         Stasis   .     D - +0 pair of boots
MR     +....                    k - amulet of regeneration
Stlth  ..........               B - ring of protection from cold
                                y - ring of see invisible

@: berserking, lethally poisoned (-8 -> -8), very quick, somewhat resistant to
hostile enchantments, extremely unstealthy
A: no striking features
a: Burn Spellbooks, Berserk, Trog's Hand, Brothers in Arms, Renounce Religion
}: 1/15 runes: barnacled


You were on level 3 of the Snake Pit.
You worshipped Trog.
Trog was extremely pleased with you.
You were hungry.

You visited 5 branches of the dungeon, and saw 31 of its levels.
You also visited: Labyrinth.

You collected 1857 gold pieces.
You spent 1545 gold pieces at shops.

Inventory:

Hand Weapons
 X - the +12 executioner's axe "Guitz" (weapon) {speed, rElec rN++}
   (Trog gifted it to you on level 8 of the Lair of Beasts)

   Attacks with this weapon are significantly faster.
   It insulates you from electricity.
   It greatly protects you from negative energy.
Missiles
 d - 29 tomahawks (quivered)
Armour
 j - a +1 cloak (worn)
 p - a +4 chain mail (worn)
 D - a +0 pair of boots (worn)
 H - a +2 hat of intelligence (worn)
 U - the +2 pair of gloves "Nacaxashal" (worn) {Str+2 Dex+5}
   (You found it in a labyrinth)

   It affects your strength (+2).
   It affects your dexterity (+5).
Jewellery
 k - an amulet of regeneration (around neck)
 x - an uncursed amulet of resist mutation
 y - a ring of see invisible (left hand)
 B - a ring of protection from cold (right hand)
 J - the ring "Zete" {SustAt rPois rF- MP+9 Str+2}
   (You bought it in a shop on level 4 of the Orcish Mines)

   [ring of sustain attributes]

   It sustains your strength, intelligence and dexterity.
   It affects your strength (+2).
   It makes you vulnerable to fire.
   It protects you from poison.
   It affects your magic capacity (+9).
 K - an uncursed amulet of resist corrosion
 R - an uncursed ring of positive energy
Wands
 b - a wand of teleportation (7)
 f - a wand of disintegration (5)
 s - a wand of fireball (2)
 F - a wand of hasting (6)
 G - a wand of confusion (23)
 Q - a wand of lightning (9)
Scrolls
 a - a scroll of magic mapping
 g - 2 scrolls of remove curse
 t - a scroll of immolation {unknown}
 v - 2 scrolls of fog
 E - 3 scrolls of enchant armour
 V - a scroll of random uselessness {unknown}
 Y - a scroll of summoning {unknown}
Potions
 e - a potion of cancellation
 h - a potion of magic
 n - a potion of flight
 o - a potion of might
 z - a potion of agility {unknown}
Miscellaneous
 u - a sack of spiders
 A - a lamp of fire
 Z - a disc of storms
Comestibles
 c - 8 bread rations
 w - 4 meat rations
 L - 16 beef jerkies
 M - 3 fruits


   Skills:
 + Level 11.0 Fighting
 - Level 26.0 Axes
 + Level 8.6 Armour
 - Level 7.0 Dodging


You had 14 spell levels left.
You didn't know any spells.

Dungeon Overview and Level Annotations

Branches:
Dungeon (12/15)              Lair (8/8) D:11         Shoals (4/4) Lair:6
  Snake (3/4) Lair:5          Orc (4/4) D:11            Elf (0/3) Orc:3
 Temple: D:4-7        Slime: Lair:6-8

Altars:
Elyvilon
Fedhas
Gozag
Kikubaaqudgha
Okawaru
The Shining One

Shops:
Orc:2 (   Orc:4 (%=(   Shoals:1 }   Shoals:4 [

Annotations:
Lair:3 exclusion: upstairs
Snake:2 Duffy's ghost, adept NaFE
Snake:3 exclusion: upstairs
Orc:4 exclusion: upstairs


Message History

* * * LOW HITPOINT WARNING * * *
You slice the salamander firebrand!!
The salamander firebrand is lightly wounded.
You slice the black mamba!!
The black mamba is heavily wounded.
The black mamba bites you.
* * * LOW HITPOINT WARNING * * *
Unknown command.
You carve the salamander firebrand like a ham!!!
The salamander firebrand is severely wounded.
You miss the black mamba.
The black mamba is heavily wounded.
The black mamba bites you but does no damage.
Unknown command.
You barely miss the salamander firebrand.
The salamander firebrand is severely wounded.
You slash the black mamba!
The black mamba is almost dead.
The salamander firebrand hits you with a great sword of flaming!
You die...

####### #######
#...#.#
......###.....#
......##......
#####........####
##...##.......#
##8.<.8##......#
#N§§.[..#......#...
#§@§8...'......#...
#§§S....#......#...
##8.>.8######..#...
##...## #..#...
##### #..#...
..#... .#... #...
#...


You could see a salamander firebrand and a black mamba.

Vanquished Creatures
  Gastronok (Orc:1)
  A frost giant (Shoals:4)
  The ghost of brucemayne the Executioner, a journeyman HOBe of Trog (Lair:6)
  An ettin (Orc:3)
  2 merfolk javelineers
  A merfolk impaler (Shoals:4)
  A minotaur (Lab)
  The ghost of Voda the Fighter, a journeyman GrGl of Okawaru (Lair:2)
  A naga warrior (Snake:1)
  Harold (Orc:3)
  3 anacondas
  2 hydras
  2 merfolk aquamancers (Shoals:4)
  7 death yaks
  A satyr (Shoals:3)
  A catoblepas (Lair:6)
  A queen ant (Lair:5)
  3 orc high priests (Orc:4)
  A naga sharpshooter (Snake:2)
  3 shock serpents
  4 sea snakes
  A harpy (Shoals:3)
  5 orc sorcerers
  A lindwurm (Lair:8)
  5 orc knights
  3 fauns (Shoals:3)
  A mana viper (Snake:1)
  A salamander (Snake:1)
  2 griffons
  A cyclops (D:12)
  A water nymph (Shoals:4)
  11 black mambas
  A guardian serpent (Snake:2)
  7 manticores
  3 elephants (Lair:8)
  A naga mage (Snake:1)
  8 spiny frogs
  6 komodo dragons
  2 merfolk
  A fire drake (Lair:5)
  3 trolls
  3 wind drakes
  8 polar bears (Lair:8)
  4 blink frogs
  2 boulder beetles
  A minotaur skeleton (Lab)
  A snapping turtle (Shoals:4)
  2 raiju (Lair:8)
  4 water elementals (Shoals:4)
  4 wraiths (Lair:7)
  A wyvern (Lair:7)
  17 yaks
  A basilisk (Lair:1)
  A hungry ghost (Lab)
  Grum (D:9)
  2 hippogriffs (Lair:8)
  13 wolves
  13 nagas
  5 soldier ants (Lair:5)
  5 water moccasins
  3 hell hounds (Lair:8)
  A porcupine (Lair:7)
  7 wargs
  2 centaurs
  12 black bears (Lair:8)
  19 orc warriors
  A phantom (D:8)
  5 crocodiles
  8 ogres
  A brain worm (Lair:8)
  6 giant frogs
  9 killer bees
  A scorpion (D:10)
  2 crimson imps
  2 jellies
  31 orc wizards
  23 orc priests
  Ijyb (D:3)
  4 iguanas
  11 hounds
  22 worker ants
  A killer bee zombie (D:6)
  A hound skeleton (D:8)
  4 gnolls (D:7)
  3 adders
  9 river rats (Lair:1)
  2 shadow imps (D:8)
  An adder skeleton (D:7)
  114 orcs
  2 hobgoblins (D:1)
  4 quokkas
  A ball python (D:1)
  A bat (D:2)
  A giant gecko (D:9)
  A giant newt (D:4)
  3 goblins
  11 jackals
  A jackal skeleton (D:7)
  3 kobolds
  4 rats
  4 fungi
  8 plants
541 creatures vanquished.

Vanquished Creatures (collateral kills)
  Josephine (Lair:7)
  2 hydras
  6 death yaks
  A manticore (Lair:6)
  A griffon (Lair:6)
  A black mamba (Lair:7)
  A komodo dragon (Lair:2)
  A hippogriff (Lair:6)
  A yak (Lair:6)
  A porcupine (Lair:6)
16 creatures vanquished.

Vanquished Creatures (others)
  4 fungi
  7 plants
  14 toadstools (Lair:7)
25 creatures vanquished.

Grand Total: 582 creatures vanquished

Notes
Turn   | Place    | Note
--------------------------------------------------------------
     0 | D:1      | brucemayne the Hill Orc Berserker began the quest for the Orb.
     0 | D:1      | Reached XP level 1. HP: 19/19 MP: 1/1
   185 | D:2      | Reached XP level 2. HP: 19/26 MP: 2/2
   250 | D:3      | Reached skill level 5 in Axes
   253 | D:3      | Reached skill level 6 in Axes
   253 | D:3      | Reached XP level 3. HP: 30/31 MP: 3/3
   289 | D:3      | Noticed Ijyb
   298 | D:3      | Killed Ijyb
   298 | D:3      | Reached XP level 4. HP: 28/39 MP: 4/4
   327 | D:4      | Reached ** piety under Trog
   327 | D:4      | Reached skill level 7 in Axes
   346 | D:4      | Reached XP level 5. HP: 41/45 MP: 5/5
   387 | D:4      | Found an ancient bone altar of Kikubaaqudgha.
   388 | D:4      | Found a blossoming altar of Fedhas.
   520 | D:4      | Found an iron altar of Okawaru.
   567 | D:5      | Entered Level 5 of the Dungeon
   712 | D:7      | Reached skill level 8 in Axes
   712 | D:7      | Reached XP level 6. HP: 21/51 MP: 6/6
   803 | D:8      | Found a glowing golden altar of the Shining One.
   876 | D:8      | Reached skill level 9 in Axes
   988 | D:8      | Reached XP level 7. HP: 31/57 MP: 7/7
  1019 | D:9      | Noticed a troll
  1032 | D:8      | Reached skill level 10 in Axes
  1065 | D:7      | Noticed an ogre
  1073 | D:7      | Killed an ogre
  1122 | D:7      | Reached skill level 11 in Axes
  1127 | D:7      | Reached *** piety under Trog
  1129 | D:7      | Reached XP level 8. HP: 58/64 MP: 8/8
  1394 | D:9      | Reached skill level 12 in Axes
  1472 | D:9      | Reached skill level 13 in Axes
  1527 | D:9      | Noticed a troll
  1536 | D:9      | Killed a troll
  1538 | D:9      | Killed a troll
  1538 | D:9      | Reached skill level 14 in Axes
  1538 | D:9      | Reached XP level 9. HP: 62/70 MP: 9/9
  1612 | D:10     | Entered Level 10 of the Dungeon
  1661 | D:9      | Noticed Grum
  1672 | D:9      | Killed Grum
  1954 | D:11     | Reached skill level 5 in Fighting
  1954 | D:11     | Reached skill level 15 in Axes
  1973 | D:11     | Found a staircase to the Lair.
  2023 | D:11     | Found a staircase to the Orcish Mines.
  2035 | D:11     | Reached **** piety under Trog
  2097 | D:12     | Noticed a cyclops
  2106 | D:12     | Killed a cyclops
  2149 | Orc:1    | Entered Level 1 of the Orcish Mines
  2204 | D:11     | Reached XP level 10. HP: 63/86 MP: 10/10
  2366 | Orc:2    | Noticed an ettin
  2371 | Orc:3    | Noticed Harold
  2419 | Orc:2    | Noticed an orc knight
  2419 | Orc:2    | Noticed an orc sorcerer
  2437 | Orc:1    | Reached skill level 16 in Axes
  2490 | Orc:1    | Noticed Gastronok
  2514 | Orc:2    | Found Xolulokk's Antique Weapon Boutique.
  2730 | Orc:4    | Entered Level 4 of the Orcish Mines
  2822 | Orc:3    | Killed Harold
  2822 | Orc:3    | Reached skill level 5 in Armour
  3364 | Orc:4    | Noticed an orc sorcerer
  3372 | Orc:4    | Noticed an orc knight
  3417 | Orc:4    | Noticed an orc sorcerer
  3427 | Orc:4    | Killed an orc sorcerer
  3427 | Orc:4    | Reached skill level 17 in Axes
  3487 | Orc:4    | Noticed an orc high priest
  3487 | Orc:4    | Noticed an orc knight
  3489 | Orc:4    | Noticed an orc sorcerer
  3528 | Orc:4    | Killed an orc knight
  3528 | Orc:4    | Reached XP level 11. HP: 69/94 MP: 11/11
  3532 | Orc:4    | Killed an orc high priest
  3532 | Orc:4    | Reached skill level 18 in Axes
  3585 | Orc:4    | Noticed an orc knight
  3614 | Orc:4    | Killed an orc knight
  3666 | Orc:4    | Killed an orc sorcerer
  3674 | Orc:4    | Reached ***** piety under Trog
  3676 | Orc:4    | Noticed an orc high priest
  3745 | Orc:4    | Killed an orc high priest
  3770 | Orc:4    | Noticed an orc high priest
  3807 | Orc:4    | Killed an orc high priest
  3807 | Orc:4    | Reached skill level 19 in Axes
  3822 | Orc:4    | Noticed an orc sorcerer
  3827 | Orc:4    | Noticed an orc knight
  3829 | Orc:4    | Noticed an ice devil
  3832 | Orc:4    | Killed an orc sorcerer
  3861 | Orc:4    | Killed an orc knight
  3894 | Orc:4    | Paralysed by an orc sorcerer for 5 turns
  3902 | Orc:4    | Killed an orc sorcerer
  3962 | Orc:4    | Killed an orc knight
  3992 | Orc:4    | Found Hyic's Food Boutique.
  3997 | Orc:4    | Found Dust's Weapon Shoppe.
  4001 | Orc:4    | Found Ojocrat's Jewellery Shoppe.
  4003 | Orc:4    | Found Telir's Weapon Boutique.
  4026 | Orc:4    | Bought an uncursed amulet of regeneration for 510 gold pieces
  4026 | Orc:4    | Bought an uncursed ring of see invisible for 255 gold pieces
  4128 | Orc:3    | Killed an ettin
  4128 | Orc:3    | Reached skill level 20 in Axes
  4236 | Orc:2    | Noticed an ice devil
  4243 | Orc:2    | Killed an orc knight
  4243 | Orc:2    | Reached XP level 12. HP: 103/103 MP: 12/12
  4243 | Orc:2    | Killed an orc sorcerer
  4355 | Orc:1    | Killed Gastronok
  4463 | Orc:1    | Received a gift from Trog
  4581 | Orc:3    | Found a staircase to the Elven Halls.
  4757 | Orc:4    | Bought an uncursed amulet of resist corrosion for 340 gold pieces
  4926 | Lair:1   | Entered Level 1 of the Lair of Beasts
  5223 | Lair:2   | Noticed Voda's ghost (journeyman GrGl)
  5236 | Lair:2   | Killed Voda's ghost
  5282 | Lair:2   | Noticed an eight-headed hydra
  5307 | Lair:3   | Got a translucent rapier
  5532 | Lair:4   | Found a labyrinth entrance.
  5539 | Lab      | Entered a labyrinth
  5650 | Lab      | Noticed a minotaur
  5654 | Lab      | Killed a minotaur
  5654 | Lab      | Reached skill level 21 in Axes
  5659 | Lab      | Identified Hyekoame's Volume of Envenoming
  5660 | Lab      | Got a pair of ancient gloves
  5676 | Lab      | Identified the +2 pair of gloves "Nacaxashal" {Str+2 Dex+5} (You found it in a labyrinth)
  5844 | Lair:5   | Noticed a death yak
  5846 | Lair:5   | Noticed a death yak
  5847 | Lair:5   | Noticed a death yak
  5847 | Lair:5   | Noticed a death yak
  5847 | Lair:5   | Noticed a death yak
  5852 | Lair:5   | Noticed a death yak
  5854 | Lair:5   | Killed a death yak
  5858 | Lair:5   | Killed a death yak
  5858 | Lair:5   | Reached XP level 13. HP: 90/113 MP: 13/13
  5862 | Lair:5   | Killed a death yak
  5867 | Lair:5   | Killed a death yak
  5870 | Lair:5   | Killed a death yak
  5871 | Lair:5   | Killed a death yak
  5871 | Lair:5   | Reached skill level 22 in Axes
  6190 | Lair:7   | Noticed Josephine
  6197 | Lair:7   | Reached skill level 23 in Axes
  6200 | Lair:7   | Killed Josephine
  6267 | Lair:8   | Entered Level 8 of the Lair of Beasts
  6454 | Lair:8   | Reached skill level 10 in Fighting
  6604 | Lair:8   | Received a gift from Trog
  6618 | Lair:8   | Got a blackened executioner's axe {god gift}
  6622 | Lair:8   | Identified the +12 executioner's axe "Guitz" {speed, rElec rN++} (Trog gifted it to you on level 8 of the Lair of Beasts)
  6623 | Lair:8   | WOT
  6623 | Lair:8   | WOTTTTT
  6623 | Lair:8   | this is the one
  6623 | Lair:8   | ITS THIS ONE
  6826 | Lair:7   | Reached XP level 14. HP: 109/122 MP: 14/14
  6892 | Lair:8   | Reached skill level 24 in Axes
  7168 | Lair:6   | Found a staircase to the Shoals.
  7181 | Lair:6   | Noticed brucemayne's ghost (journeyman HOBe)
  7198 | Lair:6   | Killed brucemayne's ghost
  7321 | Lair:5   | Noticed a queen ant
  7327 | Lair:5   | Received a gift from Trog
  7338 | Lair:5   | Killed a queen ant
  7468 | Lair:5   | Found an opulent altar of Gozag.
  7625 | Lair:2   | Killed a 12-headed hydra
  7727 | Orc:4    | Bought the ring "Zete" {SustAt rPois rF- MP+9 Str+2} for 440 gold pieces
  7884 | Lair:1   | Noticed a four-headed hydra
  7890 | Lair:1   | Killed a six-headed hydra
  7890 | Lair:1   | Reached skill level 25 in Axes
  8267 | Lair:5   | Found a staircase to the Snake Pit.
  8297 | Shoals:1 | Entered Level 1 of the Shoals
  8360 | Shoals:1 | Found Tudaghek's Gadget Shop.
  8425 | Shoals:2 | Found a white marble altar of Elyvilon.
  8534 | Shoals:4 | Entered Level 4 of the Shoals
  8653 | Shoals:4 | Found Uvuce's Antique Armour Shop.
  8677 | Shoals:4 | Received a gift from Trog
  8753 | Shoals:4 | Got a smoking scimitar {god gift}
  8811 | Shoals:4 | Reached skill level 5 in Dodging
  8819 | Shoals:4 | Reached XP level 15. HP: 113/129 MP: 15/15
  8858 | Shoals:4 | Noticed a frost giant
  8873 | Shoals:4 | Killed a frost giant
  8949 | Shoals:4 | Got a barnacled rune of Zot
  9074 | Snake:1  | Entered Level 1 of the Snake Pit
  9177 | Snake:2  | Noticed Duffy's ghost (adept NaFE)
  9255 | Snake:2  | Reached skill level 26 in Axes
  9265 | Snake:2  | Noticed a greater naga
  9268 | Snake:2  | HP: 1/129 [salamander/enchanted spear (7)]
  9453 | Snake:3  | HP: 9/193 [salamander firebrand/great sword of flaming (6)]
  9456 | Snake:3  | Mangled by a salamander firebrand

Vault maps used:
D:1:      eino_arrival_cavern_d
D:2:      makhleb_altar_promises_db
D:3:      elyvilon_altar_1, first_bread, hangedman_decor_push, uniq_iyjb
D:4:      grunt_temple_overflow_growth_and_decay, okawaru_ov_weapons_minmay,
          enter_ossuary_5, portal_sewer_entry_f, st_stairs_7
D:5:      minmay_temple_entry_glassed_door, uniq_crazy_yiuf_cottage
D:6:      minitemple, uniq_grinder
D:7:      grunt_livestock, st_stairs_5, uniq_pikel, uniq_menkaure
D:8:      basic_altar, kennysheep_just_a_vault
D:9:      basic_altar, minmay_misc_feat_ornament, uniq_grum
D:10:     evilmike_butchery
D:11:     erik_lair_orcish_takeover, david_orc_2, kennysheep_dice
D:12:     serial_shops, shop_scrolls
Lair:1:   hangedman_lair_generics_rect
Lair:2:   minivault_19, bh_autumn_forest_stairs
Lair:4:   lab_entry_generic
Lair:5:   beast_lair_carwin_large_2, minmay_snake_entry_guardpost_medium,
          basic_altar, minmay_another_anthill
Lair:6:   minmay_shoals_entry_beasts, nicolae_lair_yak_garden
Lair:7:   slime_altar_2, tgw_fedhas, uniq_josephine
Lair:8:   hangedman_lair_caniforms_friends
Shoals:1: serial_shops, shop
Shoals:2: cheibrodos_shoals_roost, hangedman_feature_mirror,
          hangedman_feature_mirror
Shoals:4: serial_shops, shop, shoals_end_grunt_ice, shoal_ilsuiw,
          nicolae_shoals_dead_sea_scrolls
Snake:1:  grunt_megastairs_3
Snake:2:  nicolae_snakescales, guppyfry_snake_island, uniq_aizul
Snake:3:  nicolae_cobra_stairs, grunt_ministairs_7, uniq_nikola
Orc:1:    uniq_gastronok
Orc:2:    serial_shops, nicolae_shop_window_shopping, nicolae_orc_bridge_out
Orc:3:    nicolae_orc_pool_cavern, rock_pile, uniq_harold
Orc:4:    st_orc_elflike
Lab:      nicolae_lab_garden, labyrinth_lava_lair, nicolae_lab_flowing_pool,
          nicolae_lab_dead_end, nicolae_lab_statue, nicolae_lab_lava,
          labyrinth_skeletal_remains, nicolae_lab_starburst,
          nicolae_lab_do_over, lab_statue, nicolae_lab_big_swirl

Action                   |  1- 3 |  4- 6 |  7- 9 | 10-12 | 13-15 || total
-------------------------+-------+-------+-------+-------+-------++-------
Melee: Hand axe          |    43 |    90 |       |       |       ||   133
       War axe           |       |    30 |   243 |   219 |       ||   492
       Battleaxe         |       |       |       |   350 |   233 ||   583
       Executioner's axe |       |       |       |       |   401 ||   401
Invok: Berserk           |     1 |     2 |     7 |    16 |     8 ||    34
       Trog's Hand       |       |     1 |     8 |    14 |    12 ||    35
       Brothers in Arms  |       |       |       |     4 |     6 ||    10
Evoke: Wand              |       |       |     4 |       |     6 ||    10
  Use: Scroll            |       |       |     7 |     5 |    15 ||    27
       Potion            |       |       |     3 |     2 |     4 ||     9
 Stab: Distracted        |       |       |       |       |     2 ||     2
  Eat: Fruit             |       |     1 |     2 |     5 |     5 ||    13
       Chunk             |       |     3 |    11 |    21 |    24 ||    59
       Meat ration       |       |       |       |     1 |       ||     1
       Bread ration      |       |       |       |     1 |       ||     1
